PITTSBURGH Penguins vs PHILADELPHIA Flyers (R4)

Created - 10 février 2019 at 17:11

Goals
1 2 3 T
PITTSBURGH Penguins 2 2 0 4
PHILADELPHIA Flyers 1 1 0 2
Shots
1 2 3 T
PITTSBURGH Penguins 17 11 10 38
PHILADELPHIA Flyers 12 5 9 26

1st period

1. PITTSBURGH Penguins , Alexander Radulov 23 (Robert Bortuzzo 18, Bryan Little 25) at 2:06
2. PITTSBURGH Penguins , Jake Guentzel 7 (Marc Staal 13, Evgeni Malkin 34) at 3:53
3. PHILADELPHIA Flyers , Brendan Gallagher 12 (Patrick Marleau 13, Max Domi 18) at 10:06

Penalties :
Torey Krug (PHI) for Hooking (Minor) at 6:51

2nd period

4. PITTSBURGH Penguins , Bryan Little 21 (Alexander Radulov 32, Robert Bortuzzo 19) at 10:03
5. PHILADELPHIA Flyers , Max Domi 8 (Dustin Byfuglien 30) at 13:10
6. PITTSBURGH Penguins , Jesse Puljujarvi 3 (Alexander Radulov 33, Thomas Chabot 11) at 16:09

Penalties :
Jake Guentzel (PIT) for High sticking (Minor) at 6:41, Brendan Gallagher (PHI) for Hooking (Minor) at 7:03

3rd period

No Goal

Penalties :
Jimmy Hayes (PHI) for Tripping (Minor) at 1:24, Alexei Emelin (PHI) for High sticking (Minor) at 5:11, Sebastian Aho (PHI) for Tripping (Minor) at 5:26, Max Domi (PHI) for Hooking (Minor) at 6:17, Marc Staal (PIT) for Hooking (Minor) at 14:06

Goalie Stats

Devan Dubnyk (PIT), 24 saves from 26 shots - (0,923), W, 27-12-3, 60:00 minutes
Thomas Greiss (PHI), 34 saves from 38 shots - (0,895), L, 8-9-1, 60:00 minutes

Players Stats for PITTSBURGH Penguins

Player Name              G  A  P  +/- PIM S  H  SB GA TA FO     MP     PP MP  PK MP  
------------------------------------------------------------------------------------
Alexander Radulov        1  2  3   3  0   6  2  0  0  0  0/1    17:05   3:15   0:00 
Brian Boyle              0  0  0  -1  0   1  0  0  0  0  6/14   16:06   4:10   0:26 
Brooks Orpik             0  0  0  -1  0   1  5  0  0  0  0/0    22:34   0:00   1:04 
Bryan Little             1  1  2   3  0   3  3  0  0  0  9/18   18:00   4:10   0:00 
Dustin Brown             0  0  0  -1  0   1  4  0  0  0  0/1    17:35   4:10   1:55 
Evgeni Malkin            0  1  1   0  0   6  1  0  0  0  18/30  20:12   3:15   0:00 
Jake Gardiner            0  0  0  -1  0   2  1  2  0  0  0/0    25:15   3:07   0:00 
Jake Guentzel            1  0  1   0  2   2  1  0  0  0  0/1    15:19   0:00   0:00 
Jesse Puljujarvi         1  0  1   3  0   1  1  0  0  0  0/1    13:50   0:00   0:00 
Johan Larsson            0  0  0   0  0   1  0  0  0  0  5/13    9:52   0:00   1:55 
Jordan Nolan             0  0  0   0  0   1  1  0  0  0  0/1     7:57   0:00   0:00 
Marc Staal               0  1  1   1  2   1  2  0  0  0  0/0    19:45   4:18   0:17 
Nail Yakupov             0  0  0   0  0   1  0  0  0  0  0/0     7:57   0:00   0:00 
Nate Schmidt             0  0  0   1  0   2  0  0  0  0  0/0    19:22   3:07   1:04 
Patrik Laine             0  0  0   0  0   7  2  0  0  0  0/2    20:12   3:15   0:00 
Robert Bortuzzo          0  2  2   2  0   1  3  1  0  0  0/0    14:50   0:00   1:17 
Tanner Pearson           0  0  0  -1  0   0  0  0  0  0  0/0    11:56   0:00   0:26 
Thomas Chabot            0  1  1   2  0   1  1  1  0  0  0/0    18:13   4:18   1:00 

Players Stats for PHILADELPHIA Flyers

Player Name              G  A  P  +/- PIM S  H  SB GA TA FO     MP     PP MP  PK MP  
------------------------------------------------------------------------------------
Alexei Emelin            0  0  0  -2  2   0  0  2  0  0  0/0    15:44   0:22   0:00 
Brendan Gallagher        1  0  1   0  2   4  2  0  0  0  0/0    16:31   1:00   1:50 
Dustin Byfuglien         0  1  1   1  0   0  2  1  0  0  0/0    24:14   1:20   3:11 
Erik Gudbranson          0  0  0  -2  0   1  2  0  0  0  0/0    17:38   0:00   3:24 
Jared McCann             0  0  0   0  0   1  0  0  0  0  10/14  14:12   0:00   0:03 
Jimmy Hayes              0  0  0   0  2   0  2  0  0  0  0/0    14:08   0:00   0:00 
Jonathan Drouin          0  0  0  -2  0   0  3  0  0  0  2/11   18:35   1:01   2:32 
Matt Duchene             0  0  0   0  0   3  0  0  0  0  1/1    14:09   0:00   0:00 
Max Domi                 1  1  2   0  2   2  0  0  0  0  1/3    19:23   1:20   3:08 
Miles Wood               0  0  0   0  0   1  0  0  0  0  0/0     6:59   0:00   0:00 
Nikita Zadorov           0  0  0   1  0   0  3  3  0  0  0/0    22:35   0:39   3:52 
Patrick Marleau          0  1  1   0  0   4  0  1  0  0  11/17  17:33   1:01   2:28 
Roman Polak              0  0  0  -1  0   0  6  3  0  0  0/0    20:12   0:39   2:46 
Sean Couturier           0  0  0  -2  0   3  1  0  0  0  12/21  15:08   1:20   0:00 
Sebastian Aho            0  0  0  -2  2   4  2  1  0  0  7/15   25:18   1:20   2:48 
Tomas Tatar              0  0  0   0  0   0  1  0  0  0  0/0     6:59   0:00   0:00 
Torey Krug               0  0  0  -1  2   3  0  1  0  0  0/0    19:35   1:42   1:37 
Xavier Ouellet           0  0  0   0  0   0  0  0  0  0  0/0     0:00   0:00   0:00 

3 Stars

1 - Alexander Radulov (PIT)
2 - Bryan Little (PIT)
3 - Robert Bortuzzo (PIT)

Power Play

PITTSBURGH Penguins - 0 on 6 Attempt(s) - 0,00%
PHILADELPHIA Flyers - 0 on 2 Attempt(s) - 0,00%

Penalty Kill

PITTSBURGH Penguins - 2 on 2 Attempt(s) - 100,00% - Score 0 goal in Penalty Kill
PHILADELPHIA Flyers - 6 on 6 Attempt(s) - 100,00% - Score 0 goal in Penalty Kill

Team Stat

PITTSBURGH Penguins - Hits : 27 - Faceoff Wins : 38 - Blocked Shots : 4 - Penalty Minutes : 4
PHILADELPHIA Flyers - Hits : 24 - Faceoff Wins : 44 - Blocked Shots : 12 - Penalty Minutes : 12

Official

Referees : Unknown
Linesman : Unknown

Game Notes

No Game Note

Finance

Level 1 -- Attendance: 5273 (87,88%) -- Ticket Income 527 300 $
Level 2 -- Attendance: 4287 (85,74%) -- Ticket Income 257 220 $
Level 3 -- Attendance: 1889 (94,45%) -- Ticket Income 66 115 $
Level 4 -- Attendance: 4000 (100,00%) -- Ticket Income 80 000 $
Luxury Box -- Attendance: 733 (73,30%) -- Ticket Income 146 600 $
Game was played at the Wells Fargo Center.
Total Attendance: 16182 (89,90%)
Total Ticket Income: 1 077 235 $
Other Income: 420 122 $
Total Income: 1 497 357 $

PITTSBURGH Penguins

5 vs 5 Forward 
   Center                   Left Wing                Right Wing               Time % Phy DF OF 
 1 Evgeni Malkin            Jake Guentzel            Patrik Laine             33     1   2  2  
 2 Bryan Little             Jesse Puljujarvi         Alexander Radulov        30     1   2  2  
 3 Brian Boyle              Tanner Pearson           Dustin Brown             27     1   2  2  
 4 Johan Larsson            Nail Yakupov             Jordan Nolan             10     1   2  2  

5 vs 5 Defense 
   Defense                  Defense                                           Time % Phy DF OF 
 1 Brooks Orpik             Jake Gardiner                                     40     1   2  2  
 2 Marc Staal               Nate Schmidt                                      30     1   2  2  
 3 Robert Bortuzzo          Thomas Chabot                                     20     1   2  2  
 4 Brooks Orpik             Jake Gardiner                                     10     1   2  2  

PowerPlay Forward 
   Center                   Left Wing                Right Wing               Time % Phy DF OF 
 1 Evgeni Malkin            Patrik Laine             Alexander Radulov        60     1   2  2  
 2 Bryan Little             Brian Boyle              Dustin Brown             40     1   2  2  

PowerPlay Defense
   Defense                  Defense                                           Time % Phy DF OF 
 1 Nate Schmidt             Jake Gardiner                                     60     1   2  2  
 2 Marc Staal               Thomas Chabot                                     40     1   2  2  

Penalty Kill 4 Players Forward 
   Center                   Wing                     Time % Phy DF OF 
 1 Johan Larsson            Dustin Brown             60     1   2  2  
 2 Brian Boyle              Tanner Pearson           40     1   2  2  

Penalty Kill 4 Players Defense
   Defense                  Defense                  Time % Phy DF OF 
 1 Brooks Orpik             Nate Schmidt             60     1   2  2  
 2 Marc Staal               Robert Bortuzzo          40     1   2  2  

Penalty Kill - 3 Players Forward 
   Forward                                           Time % Phy DF OF 
 1 Brian Boyle                                       60     1   2  2  
 2 Bryan Little                                      40     1   2  2  

Penalty Kill - 3 Players Defense
   Defense                  Defense                  Time % Phy DF OF 
 1 Brooks Orpik             Nate Schmidt             60     1   2  2  
 2 Marc Staal               Robert Bortuzzo          40     1   2  2  

4 vs 4 Forward 
   Center                   Wing                     Time % Phy DF OF 
 1 Evgeni Malkin            Patrik Laine             60     1   2  2  
 2 Dustin Brown             Alexander Radulov        40     1   2  2  

4 vs 4 Defense
   Defense                  Defense                  Time % Phy DF OF 
 1 Brooks Orpik             Jake Gardiner            60     1   2  2  
 2 Marc Staal               Nate Schmidt             40     1   2  2  

Last Minutes Offensive
   Center                   Left Wing                Right Wing               Defense                  Defense                  
   Evgeni Malkin            Patrik Laine             Dustin Brown             Brooks Orpik             Jake Gardiner            

Last Minutes Defensive
   Center                   Left Wing                Right Wing               Defense                  Defense                  
   Evgeni Malkin            Patrik Laine             Dustin Brown             Brooks Orpik             Jake Gardiner            

Goaltenders
Starting : Devan Dubnyk             
Backup : Christopher Gibson       

Extra Forwards
Normal : Jake Guentzel, Tanner Pearson, Brian Boyle - PP : Jake Guentzel, Tanner Pearson - PK : Brian Boyle
Extra Defensemen
Normal : Robert Bortuzzo, Thomas Chabot, Marc Staal - PP : Robert Bortuzzo - PK : Thomas Chabot, Marc Staal
Penalty Shots
Evgeni Malkin, Patrik Laine, Dustin Brown, Alexander Radulov, Bryan Little

PHILADELPHIA Flyers

5 vs 5 Forward 
   Center                   Left Wing                Right Wing               Time % Phy DF OF 
 1 Sean Couturier           Sebastian Aho            Jonathan Drouin          40     1   2  2  
 2 Patrick Marleau          Max Domi                 Brendan Gallagher        30     1   2  2  
 3 Sebastian Aho            Miles Wood               Tomas Tatar              20     1   2  2  
 4 Jared McCann             Jimmy Hayes              Matt Duchene             10     1   2  2  

5 vs 5 Defense 
   Defense                  Defense                                           Time % Phy DF OF 
 1 Dustin Byfuglien         Nikita Zadorov                                    40     1   2  2  
 2 Torey Krug               Roman Polak                                       30     1   2  2  
 3 Alexei Emelin            Erik Gudbranson                                   20     1   2  2  
 4 Roman Polak              Dustin Byfuglien                                  10     1   2  2  

PowerPlay Forward 
   Center                   Left Wing                Right Wing               Time % Phy DF OF 
 1 Sean Couturier           Sebastian Aho            Max Domi                 60     1   2  2  
 2 Jonathan Drouin          Patrick Marleau          Brendan Gallagher        40     1   2  2  

PowerPlay Defense
   Defense                  Defense                                           Time % Phy DF OF 
 1 Dustin Byfuglien         Torey Krug                                        60     1   2  2  
 2 Nikita Zadorov           Roman Polak                                       40     1   2  2  

Penalty Kill 4 Players Forward 
   Center                   Wing                     Time % Phy DF OF 
 1 Sebastian Aho            Max Domi                 60     1   2  2  
 2 Jonathan Drouin          Brendan Gallagher        40     1   2  2  

Penalty Kill 4 Players Defense
   Defense                  Defense                  Time % Phy DF OF 
 1 Roman Polak              Nikita Zadorov           60     1   2  2  
 2 Dustin Byfuglien         Erik Gudbranson          40     1   2  2  

Penalty Kill - 3 Players Forward 
   Forward                                           Time % Phy DF OF 
 1 Sebastian Aho                                     60     1   2  2  
 2 Max Domi                                          40     1   2  2  

Penalty Kill - 3 Players Defense
   Defense                  Defense                  Time % Phy DF OF 
 1 Nikita Zadorov           Alexei Emelin            60     1   2  2  
 2 Roman Polak              Erik Gudbranson          40     1   2  2  

4 vs 4 Forward 
   Center                   Wing                     Time % Phy DF OF 
 1 Jonathan Drouin          Max Domi                 60     1   2  2  
 2 Brendan Gallagher        Sebastian Aho            40     1   2  2  

4 vs 4 Defense
   Defense                  Defense                  Time % Phy DF OF 
 1 Dustin Byfuglien         Nikita Zadorov           60     1   2  2  
 2 Torey Krug               Alexei Emelin            40     1   2  2  

Last Minutes Offensive
   Center                   Left Wing                Right Wing               Defense                  Defense                  
   Sean Couturier           Patrick Marleau          Sebastian Aho            Dustin Byfuglien         Torey Krug               

Last Minutes Defensive
   Center                   Left Wing                Right Wing               Defense                  Defense                  
   Sean Couturier           Max Domi                 Patrick Marleau          Erik Gudbranson          Roman Polak              

Goaltenders
Starting : Thomas Greiss            
Backup : Henrik Lundqvist         

Extra Forwards
Normal : Brendan Gallagher, Max Domi, Sebastian Aho - PP : Max Domi, Brendan Gallagher - PK : Max Domi
Extra Defensemen
Normal : Torey Krug, Erik Gudbranson, Nikita Zadorov - PP : Torey Krug - PK : Nikita Zadorov, Torey Krug
Penalty Shots
Jonathan Drouin, Sebastian Aho, Sean Couturier, Brendan Gallagher, Max Domi


% Time on Ice - PITTSBURGH Penguins

Lines # - Real PCT - Wanted PCT - Time Play
Normal Forward
1 - 32% - 33% - 15:20
2 - 28% - 30% - 13:50
3 - 24% - 27% - 11:30
4 - 16% - 10% - 7:57
Normal Defense
1 - 38% - 40% - 18:42
2 - 31% - 30% - 14:56
3 - 27% - 20% - 12:55
4 - 4% - 10% - 2:04
PP Forward
1 - 44% - 60% - 3:15
2 - 56% - 40% - 4:10
PP Defense
1 - 42% - 60% - 3:07
2 - 58% - 40% - 4:18
PK Forward
1 - 82% - 60% - 1:55
2 - 18% - 40% - 0:26
PK Defense
1 - 45% - 60% - 1:04
2 - 55% - 40% - 1:17
PK3 Forward
1 - 0% - 60%
2 - 0% - 40%
PK3 Defense
1 - 0% - 60%
2 - 0% - 40%
44 Forward
1 - 100% - 60% - 1:37
2 - 0% - 40% - 0:00
44 Defense
1 - 85% - 60% - 1:22
2 - 15% - 40% - 0:15
Last Minute Offensive  - 0:00
Last Minute Defensive  - 0:00
Total
Forward - 60:00
Defense - 60:00

% Time on Ice - PHILADELPHIA Flyers

Lines # - Real PCT - Wanted PCT - Time Play
Normal Forward
1 - 28% - 40% - 13:48
2 - 28% - 30% - 13:41
3 - 14% - 20% - 6:59
4 - 29% - 10% - 14:09
Normal Defense
1 - 36% - 40% - 17:36
2 - 31% - 30% - 15:08
3 - 29% - 20% - 14:14
4 - 3% - 10% - 1:39
PP Forward
1 - 57% - 60% - 1:20
2 - 43% - 40% - 1:01
PP Defense
1 - 72% - 60% - 1:42
2 - 28% - 40% - 0:39
PK Forward
1 - 66% - 60% - 3:36
2 - 34% - 40% - 1:50
PK Defense
1 - 44% - 60% - 2:24
2 - 56% - 40% - 3:02
PK3 Forward
1 - 100% - 60% - 1:59
2 - 0% - 40% - 0:00
PK3 Defense
1 - 82% - 60% - 1:37
2 - 18% - 40% - 0:22
44 Forward
1 - 76% - 60% - 1:14
2 - 24% - 40% - 0:23
44 Defense
1 - 29% - 60% - 0:28
2 - 71% - 40% - 1:09
Last Minute Offensive  - 0:00
Last Minute Defensive  - 0:00
Total
Forward - 60:00
Defense - 60:00

Play-by-Play

1st period


0:01 of 1st period - Sean Couturier wins face-off versus Evgeni Malkin in neutral zone.
0:12 of 1st period - Shot by Sebastian Aho.
0:12 of 1st period - Shot Misses the Net.
0:30 of 1st period - Evgeni Malkin is hit by Jonathan Drouin and loses puck.
0:44 of 1st period - Sean Couturier is hit by Brooks Orpik and loses puck.
1:02 of 1st period - Icing by Roman Polak.
1:03 of 1st period - Patrick Marleau wins face-off versus Brian Boyle in PHILADELPHIA Flyers zone.
1:30 of 1st period - Shot by Dustin Brown.
1:30 of 1st period - Shot Blocked by Roman Polak.
1:35 of 1st period - Tanner Pearson is hit by Roman Polak and loses puck.
2:06 of 1st period - Shot by Alexander Radulov.
2:06 of 1st period - Goal by Alexander Radulov - PITTSBURGH Penguins : 1 - PHILADELPHIA Flyers : 0.
2:07 of 1st period - Sebastian Aho wins face-off versus Johan Larsson in neutral zone.
2:10 of 1st period - Thomas Chabot is hit by Tomas Tatar and loses puck.
2:21 of 1st period - Shot by Tomas Tatar.
2:21 of 1st period - Shot Blocked by Robert Bortuzzo.
2:28 of 1st period - Miles Wood is hit by Thomas Chabot and loses puck.
3:08 of 1st period - Shot by Matt Duchene.
3:08 of 1st period - Stopped by Devan Dubnyk without a rebound.
3:09 of 1st period - Jared McCann wins face-off versus Bryan Little in PITTSBURGH Penguins zone.
3:12 of 1st period - Shot by Matt Duchene.
3:12 of 1st period - Stopped by Devan Dubnyk with a rebound.
3:15 of 1st period - Icing by Jake Gardiner.
3:16 of 1st period - Jared McCann wins face-off versus Bryan Little in PITTSBURGH Penguins zone.
3:37 of 1st period - Shot by Bryan Little.
3:37 of 1st period - Stopped by Thomas Greiss without a rebound.
3:38 of 1st period - Sean Couturier wins face-off versus Patrik Laine in PHILADELPHIA Flyers zone.
3:38 of 1st period - Alexei Emelin is hit by Patrik Laine and loses puck.
3:53 of 1st period - Shot by Jake Guentzel.
3:53 of 1st period - Goal by Jake Guentzel - PITTSBURGH Penguins : 2 - PHILADELPHIA Flyers : 0.
3:54 of 1st period - Bryan Little wins face-off versus Max Domi in neutral zone.
3:59 of 1st period - Shot by Alexander Radulov.
3:59 of 1st period - Deflect By Bryan Little.
3:59 of 1st period - Shot Misses the Net.
4:11 of 1st period - Shot by Patrick Marleau.
4:11 of 1st period - Stopped by Devan Dubnyk with a rebound.
5:03 of 1st period - Shot by Sebastian Aho.
5:03 of 1st period - Stopped by Devan Dubnyk without a rebound.
5:04 of 1st period - Jared McCann wins face-off versus Evgeni Malkin in PITTSBURGH Penguins zone.
5:30 of 1st period - Icing by Thomas Chabot.
5:31 of 1st period - Sean Couturier wins face-off versus Evgeni Malkin in PITTSBURGH Penguins zone.
5:36 of 1st period - Shot by Jonathan Drouin.
5:36 of 1st period - Shot Misses the Net.
5:38 of 1st period - Shot by Erik Gudbranson.
5:38 of 1st period - Stopped by Devan Dubnyk without a rebound.
5:39 of 1st period - Brian Boyle wins face-off versus Sean Couturier in PITTSBURGH Penguins zone.
5:39 of 1st period - Dustin Brown is hit by Jonathan Drouin and loses puck.
5:48 of 1st period - Icing by Jonathan Drouin.
5:49 of 1st period - Sean Couturier wins face-off versus Bryan Little in PHILADELPHIA Flyers zone.
5:49 of 1st period - Sebastian Aho is hit by Brooks Orpik and loses puck.
5:57 of 1st period - Roman Polak is hit by Bryan Little and loses puck.
6:14 of 1st period - Jesse Puljujarvi is hit by Roman Polak and loses puck.
6:17 of 1st period - Shot by Bryan Little.
6:17 of 1st period - Shot Blocked by Roman Polak.
6:40 of 1st period - Icing by Torey Krug.
6:41 of 1st period - Brian Boyle wins face-off versus Sean Couturier in PHILADELPHIA Flyers zone.
6:51 of 1st period - Minor Penalty to Torey Krug for Hooking.
6:52 of 1st period - Sebastian Aho wins face-off versus Evgeni Malkin in PHILADELPHIA Flyers zone.
7:28 of 1st period - Shot by Alexander Radulov.
7:28 of 1st period - Shot Blocked by Dustin Byfuglien.
7:30 of 1st period - Shot by Marc Staal.
7:30 of 1st period - Stopped by Thomas Greiss without a rebound.
7:31 of 1st period - Sebastian Aho wins face-off versus Bryan Little in PHILADELPHIA Flyers zone.
7:53 of 1st period - Shot by Brian Boyle.
7:53 of 1st period - Stopped by Thomas Greiss without a rebound.
7:54 of 1st period - Evgeni Malkin wins face-off versus Sebastian Aho in PHILADELPHIA Flyers zone.
8:01 of 1st period - Shot by Alexander Radulov.
8:01 of 1st period - Stopped by Thomas Greiss without a rebound.
8:02 of 1st period - Bryan Little wins face-off versus Jonathan Drouin in PHILADELPHIA Flyers zone.
8:03 of 1st period - Shot by Marc Staal.
8:03 of 1st period - Deflect By Dustin Brown.
8:03 of 1st period - Shot Misses the Net.
8:05 of 1st period - Shot by Marc Staal.
8:05 of 1st period - Shot Blocked by Nikita Zadorov.
8:07 of 1st period - Shot by Thomas Chabot.
8:07 of 1st period - Shot Misses the Net.
8:09 of 1st period - Shot by Bryan Little.
8:09 of 1st period - Shot Misses the Net.
8:11 of 1st period - Shot by Marc Staal.
8:11 of 1st period - Shot Blocked by Nikita Zadorov.
8:13 of 1st period - Shot by Dustin Brown.
8:13 of 1st period - Deflect By Bryan Little.
8:13 of 1st period - Shot Hit the Post.
8:31 of 1st period - Shot by Dustin Brown.
8:31 of 1st period - Shot Misses the Net.
8:33 of 1st period - Shot by Marc Staal.
8:33 of 1st period - Shot Misses the Net.
8:35 of 1st period - Shot by Thomas Chabot.
8:35 of 1st period - Stopped by Thomas Greiss with a rebound.
9:03 of 1st period - Shot by Evgeni Malkin.
9:03 of 1st period - Deflect By Patrik Laine.
9:03 of 1st period - Stopped by Thomas Greiss without a rebound.
9:04 of 1st period - Sebastian Aho wins face-off versus Johan Larsson in PHILADELPHIA Flyers zone.
9:31 of 1st period - Shot by Johan Larsson.
9:31 of 1st period - Stopped by Thomas Greiss without a rebound.
9:32 of 1st period - Evgeni Malkin wins face-off versus Patrick Marleau in PHILADELPHIA Flyers zone.
9:32 of 1st period - Evgeni Malkin is hit by Erik Gudbranson.
9:45 of 1st period - Icing by Brendan Gallagher.
9:46 of 1st period - Patrick Marleau wins face-off versus Brian Boyle in PHILADELPHIA Flyers zone.
10:04 of 1st period - Shot by Patrick Marleau.
10:04 of 1st period - Stopped by Devan Dubnyk with a rebound.
10:06 of 1st period - Shot by Brendan Gallagher.
10:06 of 1st period - Goal by Brendan Gallagher - PITTSBURGH Penguins : 2 - PHILADELPHIA Flyers : 1.
10:07 of 1st period - Evgeni Malkin wins face-off versus Jonathan Drouin in neutral zone.
10:12 of 1st period - Shot by Evgeni Malkin.
10:12 of 1st period - Stopped by Thomas Greiss without a rebound.
10:13 of 1st period - Evgeni Malkin wins face-off versus Jonathan Drouin in PHILADELPHIA Flyers zone.
10:14 of 1st period - Shot by Patrik Laine.
10:14 of 1st period - Stopped by Thomas Greiss with a rebound.
10:20 of 1st period - Shot by Evgeni Malkin.
10:20 of 1st period - Stopped by Thomas Greiss without a rebound.
10:21 of 1st period - Sean Couturier wins face-off versus Brian Boyle in PHILADELPHIA Flyers zone.
10:59 of 1st period - Shot by Sebastian Aho.
10:59 of 1st period - Stopped by Devan Dubnyk without a rebound.
11:00 of 1st period - Evgeni Malkin wins face-off versus Patrick Marleau in PITTSBURGH Penguins zone.
11:22 of 1st period - Patrik Laine is hit by Roman Polak and loses puck.
12:44 of 1st period - Shot by Alexander Radulov.
12:44 of 1st period - Stopped by Thomas Greiss without a rebound.
12:45 of 1st period - Sean Couturier wins face-off versus Brian Boyle in PHILADELPHIA Flyers zone.
12:49 of 1st period - Sebastian Aho is hit by Dustin Brown and loses puck.
13:09 of 1st period - Shot by Sebastian Aho.
13:09 of 1st period - Shot Blocked by Thomas Chabot.
13:50 of 1st period - Shot by Brendan Gallagher.
13:50 of 1st period - Shot Misses the Net.
13:58 of 1st period - Shot by Patrick Marleau.
13:58 of 1st period - Shot Misses the Net.
14:02 of 1st period - Shot by Brendan Gallagher.
14:02 of 1st period - Deflect By Max Domi.
14:02 of 1st period - Shot Hit the Post.
14:53 of 1st period - Shot by Nail Yakupov.
14:53 of 1st period - Shot Misses the Net.
15:31 of 1st period - Shot by Miles Wood.
15:31 of 1st period - Stopped by Devan Dubnyk without a rebound.
15:32 of 1st period - Brian Boyle wins face-off versus Sean Couturier in PITTSBURGH Penguins zone.
16:46 of 1st period - Shot by Patrick Marleau.
16:46 of 1st period - Shot Misses the Net.
16:48 of 1st period - Shot by Roman Polak.
16:48 of 1st period - Deflect By Max Domi.
16:48 of 1st period - Stopped by Devan Dubnyk without a rebound.
16:49 of 1st period - Evgeni Malkin wins face-off versus Jared McCann in PITTSBURGH Penguins zone.
16:51 of 1st period - Icing by Jake Guentzel.
16:52 of 1st period - Evgeni Malkin wins face-off versus Jared McCann in PITTSBURGH Penguins zone.
16:52 of 1st period - Evgeni Malkin is hit by Jimmy Hayes.
17:06 of 1st period - Shot by Evgeni Malkin.
17:06 of 1st period - Deflect By Patrik Laine.
17:06 of 1st period - Stopped by Thomas Greiss without a rebound.
17:07 of 1st period - Patrick Marleau wins face-off versus Bryan Little in PHILADELPHIA Flyers zone.
17:23 of 1st period - Brooks Orpik is hit by Roman Polak and loses puck.
17:32 of 1st period - Shot by Bryan Little.
17:32 of 1st period - Shot Misses the Net.
17:34 of 1st period - Shot by Bryan Little.
17:34 of 1st period - Shot Blocked by Patrick Marleau.
17:36 of 1st period - Shot by Jesse Puljujarvi.
17:36 of 1st period - Shot Blocked by Torey Krug.
17:38 of 1st period - Shot by Jake Gardiner.
17:38 of 1st period - Shot Misses the Net.
17:40 of 1st period - Shot by Jake Gardiner.
17:40 of 1st period - Stopped by Thomas Greiss without a rebound.
17:41 of 1st period - Evgeni Malkin wins face-off versus Sebastian Aho in PHILADELPHIA Flyers zone.
17:48 of 1st period - Shot by Jake Guentzel.
17:48 of 1st period - Deflect By Patrik Laine.
17:48 of 1st period - Shot Blocked by Nikita Zadorov.
18:14 of 1st period - Shot by Evgeni Malkin.
18:14 of 1st period - Stopped by Thomas Greiss with a rebound.
19:04 of 1st period - Erik Gudbranson is hit by Jesse Puljujarvi and loses puck.
19:28 of 1st period - Shot by Alexander Radulov.
19:28 of 1st period - Deflect By Bryan Little.
19:28 of 1st period - Shot Blocked by Alexei Emelin.
19:36 of 1st period - Shot by Alexander Radulov.
19:36 of 1st period - Shot Misses the Net.
19:38 of 1st period - Shot by Bryan Little.
19:38 of 1st period - Stopped by Thomas Greiss without a rebound.
19:39 of 1st period - Brian Boyle wins face-off versus Patrick Marleau in PHILADELPHIA Flyers zone.
19:39 of 1st period - Brian Boyle is hit by Roman Polak.
19:53 of 1st period - Shot by Brendan Gallagher.
19:53 of 1st period - Shot Misses the Net.
19:55 of 1st period - Shot by Torey Krug.
19:55 of 1st period - Stopped by Devan Dubnyk with a rebound.
19:57 of 1st period - Shot by Max Domi.
19:57 of 1st period - Deflect By Patrick Marleau.
19:57 of 1st period - Stopped by Devan Dubnyk without a rebound.
19:58 of 1st period - Johan Larsson wins face-off versus Sean Couturier in PITTSBURGH Penguins zone.
19:58 of 1st period - Johan Larsson is hit by Jonathan Drouin.
Goals for this period are 2 for PITTSBURGH Penguins vs 1 for PHILADELPHIA Flyers.
Shots for this period are 17 for PITTSBURGH Penguins vs 12 for PHILADELPHIA Flyers.

2nd period


0:01 of 2nd period - Sean Couturier wins face-off versus Bryan Little in neutral zone.
0:03 of 2nd period - Sebastian Aho is hit by Bryan Little and loses puck.
0:25 of 2nd period - Sean Couturier is hit by Brooks Orpik.
0:34 of 2nd period - Bryan Little is hit by Nikita Zadorov and loses puck.
0:38 of 2nd period - Icing by Dustin Byfuglien.
0:39 of 2nd period - Sean Couturier wins face-off versus Brian Boyle in PHILADELPHIA Flyers zone.
0:39 of 2nd period - Sean Couturier is hit by Dustin Brown.
0:44 of 2nd period - Jonathan Drouin is hit by Dustin Brown and loses puck.
1:16 of 2nd period - Off-side.
1:17 of 2nd period - Jared McCann wins face-off versus Patrik Laine in neutral zone.
1:44 of 2nd period - Shot by Jake Guentzel.
1:44 of 2nd period - Stopped by Thomas Greiss without a rebound.
1:45 of 2nd period - Patrick Marleau wins face-off versus Bryan Little in PHILADELPHIA Flyers zone.
1:45 of 2nd period - Patrick Marleau is hit by Alexander Radulov.
1:58 of 2nd period - Icing by Roman Polak.
1:59 of 2nd period - Patrick Marleau wins face-off versus Brian Boyle in PHILADELPHIA Flyers zone.
2:22 of 2nd period - Dustin Brown is hit by Roman Polak.
2:34 of 2nd period - Brendan Gallagher is hit by Dustin Brown and loses puck.
3:30 of 2nd period - Shot by Sebastian Aho.
3:30 of 2nd period - Deflect By Sean Couturier.
3:30 of 2nd period - Stopped by Devan Dubnyk with a rebound.
6:00 of 2nd period - Tomas Tatar is hit by Brooks Orpik and loses puck.
6:19 of 2nd period - Shot by Tanner Pearson.
6:19 of 2nd period - Deflect By Dustin Brown.
6:19 of 2nd period - Shot Misses the Net.
6:26 of 2nd period - Icing by Nikita Zadorov.
6:27 of 2nd period - Evgeni Malkin wins face-off versus Sebastian Aho in PHILADELPHIA Flyers zone.
6:28 of 2nd period - Shot by Patrik Laine.
6:28 of 2nd period - Shot Blocked by Sebastian Aho.
6:41 of 2nd period - Minor Penalty to Jake Guentzel for High sticking.
6:42 of 2nd period - Jonathan Drouin wins face-off versus Johan Larsson in PITTSBURGH Penguins zone.
6:42 of 2nd period - Brendan Gallagher is hit by Robert Bortuzzo and loses puck.
6:47 of 2nd period - Shot by Brendan Gallagher.
6:47 of 2nd period - Stopped by Devan Dubnyk without a rebound.
6:48 of 2nd period - Johan Larsson wins face-off versus Jonathan Drouin in PITTSBURGH Penguins zone.
6:48 of 2nd period - Johan Larsson is hit by Brendan Gallagher.
7:03 of 2nd period - Minor Penalty to Brendan Gallagher for Hooking.
7:04 of 2nd period - Evgeni Malkin wins face-off versus Jonathan Drouin in PHILADELPHIA Flyers zone.
7:34 of 2nd period - Shot by Patrik Laine.
7:34 of 2nd period - Stopped by Thomas Greiss without a rebound.
7:35 of 2nd period - Jonathan Drouin wins face-off versus Evgeni Malkin in PHILADELPHIA Flyers zone.
7:44 of 2nd period - Torey Krug is hit by Evgeni Malkin and loses puck.
7:49 of 2nd period - Shot by Evgeni Malkin.
7:49 of 2nd period - Stopped by Thomas Greiss without a rebound.
7:50 of 2nd period - Evgeni Malkin wins face-off versus Jonathan Drouin in PHILADELPHIA Flyers zone.
8:17 of 2nd period - Icing by Brooks Orpik.
8:18 of 2nd period - Patrick Marleau wins face-off versus Evgeni Malkin in PITTSBURGH Penguins zone.
8:37 of 2nd period - Shot by Patrick Marleau.
8:37 of 2nd period - Shot Misses the Net.
9:05 of 2nd period - Shot by Dustin Brown.
9:05 of 2nd period - Shot Misses the Net.
9:07 of 2nd period - Shot by Jordan Nolan.
9:07 of 2nd period - Deflect By Johan Larsson.
9:07 of 2nd period - Shot Misses the Net.
9:25 of 2nd period - Shot by Nail Yakupov.
9:25 of 2nd period - Stopped by Thomas Greiss with a rebound.
10:03 of 2nd period - Shot by Bryan Little.
10:03 of 2nd period - Goal by Bryan Little - PITTSBURGH Penguins : 3 - PHILADELPHIA Flyers : 1.
10:04 of 2nd period - Brian Boyle wins face-off versus Sebastian Aho in neutral zone.
11:16 of 2nd period - Nikita Zadorov is hit by Jake Guentzel and loses puck.
11:34 of 2nd period - Patrik Laine is hit by Dustin Byfuglien and loses puck.
11:39 of 2nd period - Shot by Patrik Laine.
11:39 of 2nd period - Stopped by Thomas Greiss without a rebound.
11:40 of 2nd period - Bryan Little wins face-off versus Jared McCann in PHILADELPHIA Flyers zone.
11:45 of 2nd period - Shot by Alexander Radulov.
11:45 of 2nd period - Shot Blocked by Roman Polak.
12:01 of 2nd period - Shot by Alexander Radulov.
12:01 of 2nd period - Stopped by Thomas Greiss without a rebound.
12:02 of 2nd period - Johan Larsson wins face-off versus Sean Couturier in PHILADELPHIA Flyers zone.
12:25 of 2nd period - Shot by Johan Larsson.
12:25 of 2nd period - Shot Misses the Net.
13:10 of 2nd period - Shot by Max Domi.
13:10 of 2nd period - Goal by Max Domi - PITTSBURGH Penguins : 3 - PHILADELPHIA Flyers : 2.
13:11 of 2nd period - Jared McCann wins face-off versus Bryan Little in neutral zone.
13:11 of 2nd period - Matt Duchene is hit by Bryan Little and loses puck.
13:49 of 2nd period - Shot by Bryan Little.
13:49 of 2nd period - Deflect By Alexander Radulov.
13:49 of 2nd period - Shot Misses the Net.
14:31 of 2nd period - Shot by Patrick Marleau.
14:31 of 2nd period - Shot Misses the Net.
15:01 of 2nd period - Shot by Sebastian Aho.
15:01 of 2nd period - Stopped by Devan Dubnyk without a rebound.
15:02 of 2nd period - Johan Larsson wins face-off versus Sean Couturier in PITTSBURGH Penguins zone.
15:02 of 2nd period - Johan Larsson is hit by Sebastian Aho.
15:29 of 2nd period - Shot by Nate Schmidt.
15:29 of 2nd period - Stopped by Thomas Greiss with a rebound.
16:05 of 2nd period - Shot by Thomas Chabot.
16:05 of 2nd period - Shot Misses the Net.
16:07 of 2nd period - Shot by Alexander Radulov.
16:07 of 2nd period - Shot Misses the Net.
16:09 of 2nd period - Shot by Jesse Puljujarvi.
16:09 of 2nd period - Goal by Jesse Puljujarvi - PITTSBURGH Penguins : 4 - PHILADELPHIA Flyers : 2.
16:10 of 2nd period - Evgeni Malkin wins face-off versus Patrick Marleau in neutral zone.
16:10 of 2nd period - Evgeni Malkin is hit by Brendan Gallagher.
16:15 of 2nd period - Evgeni Malkin is hit by Nikita Zadorov and loses puck.
17:01 of 2nd period - Icing by Brooks Orpik.
17:02 of 2nd period - Jared McCann wins face-off versus Evgeni Malkin in PITTSBURGH Penguins zone.
17:27 of 2nd period - Shot by Matt Duchene.
17:27 of 2nd period - Shot Blocked by Jake Gardiner.
17:29 of 2nd period - Shot by Jared McCann.
17:29 of 2nd period - Stopped by Devan Dubnyk without a rebound.
17:30 of 2nd period - Bryan Little wins face-off versus Sean Couturier in PITTSBURGH Penguins zone.
17:38 of 2nd period - Icing by Bryan Little.
17:39 of 2nd period - Sean Couturier wins face-off versus Jesse Puljujarvi in PITTSBURGH Penguins zone.
17:45 of 2nd period - Sean Couturier is hit by Marc Staal and loses puck.
18:16 of 2nd period - Shot by Dustin Byfuglien.
18:16 of 2nd period - Shot Misses the Net.
18:58 of 2nd period - Shot by Dustin Brown.
18:58 of 2nd period - Shot Misses the Net.
19:23 of 2nd period - Off-side.
19:24 of 2nd period - Evgeni Malkin wins face-off versus Jared McCann in neutral zone.
19:24 of 2nd period - Evgeni Malkin is hit by Jimmy Hayes.
19:28 of 2nd period - Alexei Emelin is hit by Patrik Laine and loses puck.
19:45 of 2nd period - Shot by Patrik Laine.
19:45 of 2nd period - Stopped by Thomas Greiss without a rebound.
19:46 of 2nd period - Bryan Little wins face-off versus Sebastian Aho in PHILADELPHIA Flyers zone.
19:57 of 2nd period - Shot by Alexander Radulov.
19:57 of 2nd period - Stopped by Thomas Greiss without a rebound.
19:58 of 2nd period - Evgeni Malkin wins face-off versus Jonathan Drouin in PHILADELPHIA Flyers zone.
19:58 of 2nd period - Evgeni Malkin is hit by Dustin Byfuglien.
Goals for this period are 2 for PITTSBURGH Penguins vs 1 for PHILADELPHIA Flyers.
Shots for this period are 11 for PITTSBURGH Penguins vs 5 for PHILADELPHIA Flyers.

3rd period


0:01 of 3rd period - Bryan Little wins face-off versus Sean Couturier in neutral zone.
0:01 of 3rd period - Jake Gardiner is hit by Sean Couturier and loses puck.
0:20 of 3rd period - Shot by Alexander Radulov.
0:20 of 3rd period - Shot Misses the Net.
1:21 of 3rd period - Icing by Marc Staal.
1:22 of 3rd period - Matt Duchene wins face-off versus Evgeni Malkin in PITTSBURGH Penguins zone.
1:24 of 3rd period - Minor Penalty to Jimmy Hayes for Tripping.
1:25 of 3rd period - Bryan Little wins face-off versus Sebastian Aho in PHILADELPHIA Flyers zone.
1:25 of 3rd period - Bryan Little is hit by Nikita Zadorov.
1:33 of 3rd period - Shot by Dustin Brown.
1:33 of 3rd period - Stopped by Thomas Greiss without a rebound.
1:34 of 3rd period - Evgeni Malkin wins face-off versus Sebastian Aho in PHILADELPHIA Flyers zone.
2:18 of 3rd period - Alexander Radulov is hit by Sebastian Aho and loses puck.
2:33 of 3rd period - Icing by Dustin Brown.
2:34 of 3rd period - Bryan Little wins face-off versus Jonathan Drouin in PITTSBURGH Penguins zone.
3:34 of 3rd period - Torey Krug is hit by Jordan Nolan and loses puck.
3:45 of 3rd period - Shot by Brooks Orpik.
3:45 of 3rd period - Stopped by Thomas Greiss without a rebound.
3:46 of 3rd period - Sebastian Aho wins face-off versus Evgeni Malkin in PHILADELPHIA Flyers zone.
4:10 of 3rd period - Shot by Evgeni Malkin.
4:10 of 3rd period - Stopped by Thomas Greiss without a rebound.
4:11 of 3rd period - Jared McCann wins face-off versus Jordan Nolan in PHILADELPHIA Flyers zone.
4:20 of 3rd period - Shot by Roman Polak.
4:20 of 3rd period - Shot Misses the Net.
4:50 of 3rd period - Shot by Torey Krug.
4:50 of 3rd period - Stopped by Devan Dubnyk with a rebound.
4:52 of 3rd period - Shot by Matt Duchene.
4:52 of 3rd period - Stopped by Devan Dubnyk without a rebound.
4:53 of 3rd period - Evgeni Malkin wins face-off versus Sean Couturier in PITTSBURGH Penguins zone.
5:00 of 3rd period - Shot by Brooks Orpik.
5:00 of 3rd period - Shot Misses the Net.
5:02 of 3rd period - Shot by Brooks Orpik.
5:02 of 3rd period - Shot Misses the Net.
5:08 of 3rd period - Shot by Evgeni Malkin.
5:08 of 3rd period - Shot Misses the Net.
5:10 of 3rd period - Shot by Patrik Laine.
5:10 of 3rd period - Shot Hit the Post.
5:11 of 3rd period - Minor Penalty to Alexei Emelin for High sticking.
5:12 of 3rd period - Brian Boyle wins face-off versus Sebastian Aho in PHILADELPHIA Flyers zone.
5:19 of 3rd period - Shot by Jake Gardiner.
5:19 of 3rd period - Stopped by Thomas Greiss without a rebound.
5:20 of 3rd period - Sebastian Aho wins face-off versus Evgeni Malkin in PHILADELPHIA Flyers zone.
5:26 of 3rd period - Minor Penalty to Sebastian Aho for Tripping.
5:27 of 3rd period - Max Domi wins face-off versus Evgeni Malkin in PHILADELPHIA Flyers zone.
5:39 of 3rd period - Off-side.
5:40 of 3rd period - Bryan Little wins face-off versus Max Domi in neutral zone.
6:17 of 3rd period - Minor Penalty to Max Domi for Hooking.
6:18 of 3rd period - Evgeni Malkin wins face-off versus Patrick Marleau in PHILADELPHIA Flyers zone.
6:27 of 3rd period - Shot by Evgeni Malkin.
6:27 of 3rd period - Stopped by Thomas Greiss without a rebound.
6:28 of 3rd period - Evgeni Malkin wins face-off versus Patrick Marleau in PHILADELPHIA Flyers zone.
6:29 of 3rd period - Shot by Patrik Laine.
6:29 of 3rd period - Stopped by Thomas Greiss without a rebound.
6:30 of 3rd period - Patrick Marleau wins face-off versus Alexander Radulov in PHILADELPHIA Flyers zone.
6:30 of 3rd period - Patrick Marleau is hit by Alexander Radulov.
6:50 of 3rd period - Shot by Patrik Laine.
6:50 of 3rd period - Shot Misses the Net.
6:52 of 3rd period - Shot by Nate Schmidt.
6:52 of 3rd period - Stopped by Thomas Greiss without a rebound.
6:53 of 3rd period - Patrick Marleau wins face-off versus Dustin Brown in PHILADELPHIA Flyers zone.
8:16 of 3rd period - Icing by Nate Schmidt.
8:17 of 3rd period - Jared McCann wins face-off versus Johan Larsson in PITTSBURGH Penguins zone.
8:22 of 3rd period - Shot by Roman Polak.
8:22 of 3rd period - Deflect By Matt Duchene.
8:22 of 3rd period - Shot Blocked by Jake Gardiner.
8:34 of 3rd period - Shot by Brooks Orpik.
8:34 of 3rd period - Shot Misses the Net.
8:56 of 3rd period - Shot by Jared McCann.
8:56 of 3rd period - Shot Misses the Net.
10:30 of 3rd period - Shot by Patrick Marleau.
10:30 of 3rd period - Stopped by Devan Dubnyk without a rebound.
10:31 of 3rd period - Patrick Marleau wins face-off versus Evgeni Malkin in PITTSBURGH Penguins zone.
11:19 of 3rd period - Alexander Radulov is hit by Erik Gudbranson and loses puck.
11:22 of 3rd period - Shot by Bryan Little.
11:22 of 3rd period - Shot Misses the Net.
11:24 of 3rd period - Shot by Robert Bortuzzo.
11:24 of 3rd period - Stopped by Thomas Greiss without a rebound.
11:25 of 3rd period - Jared McCann wins face-off versus Johan Larsson in PHILADELPHIA Flyers zone.
11:38 of 3rd period - Shot by Johan Larsson.
11:38 of 3rd period - Shot Misses the Net.
11:40 of 3rd period - Shot by Nail Yakupov.
11:40 of 3rd period - Deflect By Johan Larsson.
11:40 of 3rd period - Shot Misses the Net.
11:42 of 3rd period - Shot by Jordan Nolan.
11:42 of 3rd period - Stopped by Thomas Greiss without a rebound.
11:43 of 3rd period - Sean Couturier wins face-off versus Bryan Little in PHILADELPHIA Flyers zone.
11:56 of 3rd period - Shot by Sebastian Aho.
11:56 of 3rd period - Stopped by Devan Dubnyk without a rebound.
11:57 of 3rd period - Jared McCann wins face-off versus Jake Guentzel in PITTSBURGH Penguins zone.
12:13 of 3rd period - Matt Duchene is hit by Robert Bortuzzo and loses puck.
13:54 of 3rd period - Shot by Sean Couturier.
13:54 of 3rd period - Stopped by Devan Dubnyk without a rebound.
13:55 of 3rd period - Patrick Marleau wins face-off versus Brian Boyle in PITTSBURGH Penguins zone.
13:56 of 3rd period - Shot by Brendan Gallagher.
13:56 of 3rd period - Stopped by Devan Dubnyk without a rebound.
13:57 of 3rd period - Patrick Marleau wins face-off versus Brian Boyle in PITTSBURGH Penguins zone.
13:57 of 3rd period - Patrick Marleau is hit by Marc Staal.
14:06 of 3rd period - Minor Penalty to Marc Staal for Hooking.
14:07 of 3rd period - Sean Couturier wins face-off versus Johan Larsson in PITTSBURGH Penguins zone.
14:18 of 3rd period - Shot by Torey Krug.
14:18 of 3rd period - Stopped by Devan Dubnyk without a rebound.
14:19 of 3rd period - Johan Larsson wins face-off versus Jonathan Drouin in PITTSBURGH Penguins zone.
14:40 of 3rd period - Shot by Patrick Marleau.
14:40 of 3rd period - Deflect By Brendan Gallagher.
14:40 of 3rd period - Stopped by Devan Dubnyk without a rebound.
14:41 of 3rd period - Sean Couturier wins face-off versus Johan Larsson in PITTSBURGH Penguins zone.
14:46 of 3rd period - Shot by Sean Couturier.
14:46 of 3rd period - Stopped by Devan Dubnyk without a rebound.
14:47 of 3rd period - Sebastian Aho wins face-off versus Johan Larsson in PITTSBURGH Penguins zone.
14:52 of 3rd period - Shot by Sebastian Aho.
14:52 of 3rd period - Shot Misses the Net.
15:25 of 3rd period - Shot by Max Domi.
15:25 of 3rd period - Shot Misses the Net.
15:44 of 3rd period - Dustin Byfuglien is hit by Robert Bortuzzo.
16:16 of 3rd period - Shot by Jared McCann.
16:16 of 3rd period - Shot Misses the Net.
16:21 of 3rd period - Matt Duchene is hit by Jake Gardiner and loses puck.
16:58 of 3rd period - Shot by Alexander Radulov.
16:58 of 3rd period - Stopped by Thomas Greiss with a rebound.
17:00 of 3rd period - Shot by Alexander Radulov.
17:00 of 3rd period - Shot Blocked by Alexei Emelin.
19:24 of 3rd period - Roman Polak is hit by Brooks Orpik and loses puck.
Goals for this period are 0 for PITTSBURGH Penguins vs 0 for PHILADELPHIA Flyers.
Shots for this period are 10 for PITTSBURGH Penguins vs 9 for PHILADELPHIA Flyers.